 Dungeon Crawl Stone Soup version 0.23.1 (webtiles) character file.

Game seed: 8686908753590661388

51404 Froggeryz the Severer (level 14, -12/140 HPs)
             Began as a Minotaur Gladiator on Mar 12, 2019.
             Was the Champion of Okawaru.
             Mangled by Donald
             ... wielding a +0 long sword
              (33 damage)
             ... on level 2 of the Orcish Mines.
             The game lasted 00:44:15 (18895 turns).

Froggeryz the Severer (Minotaur Gladiator)         Turns: 18895, Time: 00:44:16

Health: -12/140    AC: 19    Str: 20      XL:     14   Next: 23%
Magic:  15/15      EV: 11    Int:  8 (9)  God:    Okawaru [******]
Gold:   1590       SH:  0    Dex: 16      Spells: 13/13 levels left

rFire    + . .     SeeInvis .   s - +3 executioner's axe (venom)
rCold    + + .     Gourm    +   (shield currently unavailable)
rNeg     . . .     Faith    .   c - +1 chain mail "Xeogredgh" {rPois Int+4} (curse)
rPois    +         Spirit   .   t - +1 hat
rElec    .         Reflect  .   v - +0 cloak
rCorr    .         Harm     .   F - +1 pair of gloves {archery}
MR       +....     Clarity  +   w - +0 pair of boots
Stlth    ..........             A - amulet of the gourmand (curse)
HPRegen  0.33/turn              y - ring of protection from cold
MPRegen  0.14/turn              l - ring of protection from fire

@: lightly drained
A: retaliatory headbutt, horns 2, talons 1, camouflage 1, blurry vision 1,
clarity, cold resistance 1, deterioration 1
a: Heroism, Finesse, Renounce Religion


You were on level 2 of the Orcish Mines.
You worshipped Okawaru.
Okawaru was exalted by your worship.
You were completely stuffed.

You visited 4 branches of the dungeon, and saw 21 of its levels.
You also visited: Gauntlet.

You collected 1590 gold pieces.

Inventory:

Hand Weapons
 a - a +1 executioner's axe of chopping
 b - a +4 battleaxe of holy wrath
 q - a +1 war axe of electrocution
 s - a +3 executioner's axe of venom (weapon)
 O - the +1 battleaxe "Ehidio" {freeze, Str+3}
   (Okawaru gifted it to you on level 1 of the Orcish Mines)

   It has been specially enchanted to freeze those struck by it, causing extra
   injury to most foes and up to half again as much damage against particularly
   susceptible opponents.
   It can also slow down cold-blooded creatures.
   It affects your strength (+3).
Missiles
 d - 4 throwing nets (quivered)
 I - 21 javelins
 J - 7 silver javelins
Armour
 c - the cursed +1 chain mail "Xeogredgh" (worn) {rPois Int+4}
   (You found it on level 7 of the Dungeon)

   It affects your intelligence (+4).
   It protects you from poison.
   It has a curse placed upon it.
 t - a +1 hat (worn)
 v - a +0 cloak (worn)
 w - a +0 pair of boots (worn)
 B - a +2 plate armour of poison resistance
 C - the +7 plate armour of Oblivion {rN+ Regen+}
   (You found it in a Gauntlet)

   It protects you from negative energy.
   It increases your rate of regeneration.
 F - a +1 pair of gloves of archery (worn)
Jewellery
 j - an uncursed ring of fire
 l - a ring of protection from fire (right hand)
 y - a ring of protection from cold (left hand)
 A - a cursed amulet of the gourmand (around neck)
 M - an uncursed amulet of regeneration {unknown}
Wands
 n - a wand of flame (51)
 z - a wand of disintegration (14)
 H - a wand of random effects (6)
 N - a wand of polymorph (13)
Scrolls
 e - 4 scrolls of enchant armour
 i - 7 scrolls of remove curse
 k - 3 scrolls of amnesia
 m - 5 scrolls of teleportation
 r - 3 scrolls of identify
 u - 3 scrolls of blinking
 K - a scroll of enchant weapon
 P - a scroll of magic mapping
Potions
 g - 3 potions of flight
 h - a potion of haste
 o - a potion of ambrosia {unknown}
 p - 10 potions of curing
 x - 2 potions of brilliance
 D - 2 potions of magic
 E - 2 potions of heal wounds
 G - a potion of invisibility
 L - a potion of resistance
Comestibles
 f - 32 rations
 Q - a chunk of flesh


   Skills:
 - Level 17.0(16.6) Fighting
 * Level 20.3(19.9) Axes
 - Level 2.0(1.7) Throwing
 - Level 12.0(11.7) Armour
 - Level 5.3(5.1) Dodging
 + Level 3.6(3.3) Invocations


You had 13 spell levels left.
You didn't know any spells.
Your spell library contained the following spells:

 Spells                   Type           Power        Failure   Level  Hunger
 Apportation              Tloc           #.....       95%         1    ##.....
 Confusing Touch          Hex            #.....       95%         1    ##.....
 Flame Tongue             Conj/Fire      #....        95%         1    ##.....
 Freeze                   Ice            #...         95%         1    ##.....
 Summon Butterflies       Summ           #.......     95%         1    ##.....
 Summon Small Mammal      Summ           #...         95%         1    ##.....
 Call Imp                 Summ           #.......     99%         2    ###....
 Throw Flame              Conj/Fire      #.....       99%         2    ###....
 Throw Frost              Conj/Ice       #.....       99%         2    ###....
 Call Canine Familiar     Summ           #.......     100%        3    ####...
 Confuse                  Hex            #.......     100%        3    ####...
 Conjure Flame            Conj/Fire      #.......     100%        3    ####...
 Gell's Gravitas          Tloc           #.........   100%        3    ####...
 Inner Flame              Hex/Fire       #.......     100%        3    ####...
 Lesser Beckoning         Tloc           #.........   100%        3    ####...
 Ozocubu's Armour         Chrm/Ice       #.......     100%        3    ####...
 Summon Guardian Golem    Hex/Summ       #.......     100%        3    ####...
 Tukima's Dance           Hex            #.......     100%        3    ####...
 Petrify                  Tmut/Erth      #.......     100%        4    #####..
 Sticky Flame             Conj/Fire      #.......     100%        4    #####..
 Summon Ice Beast         Ice/Summ       #.......     100%        4    #####..
 Summon Lightning Spire   Summ/Air       #.......     100%        4    #####..
 Throw Icicle             Conj/Ice       #.......     100%        4    #####..
 Alistair's Intoxication  Tmut/Pois      #.......     100%        5    ######.
 Fireball                 Conj/Fire      #.........   100%        5    ######.
 Metabolic Englaciation   Hex/Ice        #.........   100%        5    ######.
 Yara's Violent Unravell  Hex/Tmut       #.........   100%        5    ######.
 Invisibility             Hex            #.......     100%        6    #######


Dungeon Overview and Level Annotations

Branches:
Dungeon (12/15)            Temple (1/1) D:5            Lair (6/6) D:9
  Swamp (0/4) Lair:3        Snake (0/4) Lair:3        Slime (0/5) Lair:6
    Orc (2/2) D:10            Elf (0/3) Orc:2

Altars:
Ashenzari
Dithmenos
Elyvilon
Gozag
Hepliaklqana
Kikubaaqudgha
Makhleb
Okawaru
Qazlal
Ru
Sif Muna
Uskayaw
Vehumet
Wu Jian
Xom
Yredelemnul
Zin
The Shining One
Jiyva

Shops:
D:9 %

Annotations:
D:4 1 runed translucent door
D:12 Frances
Lair:6 exclusion: 4 oklob plants
Orc:2 Donald


Innate Abilities, Weirdness & Mutations

You reflexively headbutt those who attack you in melee.
You have a pair of horns on your head.
You have sharp toenails.
Your skin changes colour to match your surroundings (Stealth+).
Scrolls take you a little longer to read.
You possess an exceptional clarity of mind.
Your flesh is cold resistant. (rC+)
Your body sometimes deteriorates upon taking damage.


Message History

* * * LOW HITPOINT WARNING * * *
Unknown command.
You hit the orc sorcerer.
The orc sorcerer looks as sick as possible!
You headbutt the orc sorcerer.
You kill the orc sorcerer!
Okawaru accepts your kill.
The sun demon disappears in a puff of smoke!
You feel your dexterity returning.
Unknown command.
Donald says, "Do you think you're a hero?
I hate that."
Items here: )) [[ a +0 dagger; a +0 robe; a +0 dagger; a +0 scale mail
There is a stone staircase leading up, spattered with blood here.
You see here a +0 giant spiked club.
You hit Donald.
Donald is poisoned.
Donald blocks your attack.
Donald is lightly wounded.
Donald gestures wildly while chanting.
Donald seems to grow stronger.
Donald hits you with a +0 long sword!!
You die...

.#..........#....
.....#......$....
.................
.................
....$............
........)).......
.......))))......
.......)(o>......
.^.....@@))......
.................
.......$$........
.................
.................
.................
..............$..
..............$.


You could see Donald and an orc warrior.

Vanquished Creatures
  A minotaur (Gauntlet)
  A fire dragon (Lair:6)
  2 two-headed ogres
  An orc high priest (Orc:2)
  A fire crab (Gauntlet)
  2 unseen horrors
  A swamp dragon (Lair:6)
  A lindwurm (Lair:6)
  Pikel (D:7)
  2 orc knights (Orc:1)
  A manticore (D:10)
  An orc sorcerer (Orc:2)
  2 ugly things (D:11)
  A shining eye (Gauntlet)
  A black mamba (Lair:3)
  5 centaur zombies
  13 elephants
  2 minotaur zombies (Gauntlet)
  10 komodo dragons
  The ghost of Tutankhamun the Twirler, a novice DsGl of Qazlal (D:5)
  13 spiny frogs
  2 queen bees
  A wolf spider simulacrum (Gauntlet)
  3 meliai (D:12)
  7 polar bears
  8 blink frogs
  Prince Ribbit (D:6)
  12 dream sheep
  5 hippogriffs
  A centaur simulacrum (Gauntlet)
  2 wyverns
  21 yaks
  4 fire bats (Gauntlet)
  Grum (D:11)
  A golden eye (Gauntlet)
  2 basilisks
  2 wargs (Lair:6)
  An acid dragon (Lair:6)
  16 water moccasins
  7 hell hounds
  A floating eye (Gauntlet)
  4 ice beasts
  23 orc warriors
  4 porcupines
  A sky beast (D:12)
  An ice dragon simulacrum (Gauntlet)
  A slave (D:7)
  An eye of draining (D:9)
  5 swamp drakes (Lair:6)
  13 ogres
  12 black bears
  18 wolves
  3 centaurs
  16 crocodiles
  A big kobold (D:7)
  14 bullfrogs
  A wyvern zombie (D:9)
  4 scorpions
  A water moccasin skeleton (D:8)
  33 killer bees
  3 howler monkeys (D:11)
  An electric eel (Lair:1)
  4 crimson imps
  A bullfrog zombie (D:9)
  12 hounds
  A quasit (D:10)
  A jelly (D:7)
  2 gnoll shamans (D:8)
  2 bullfrog skeletons
  13 orc priests
  2 centaur skeletons (D:10)
  24 orc wizards
  6 iguanas
  7 worker ants
  4 hell rats (Lair:2)
  A bullfrog simulacrum (D:5)
  A worker ant zombie (D:6)
  Robin (D:2)
  18 adders
  13 gnolls
  7 shadow imps
  2 adder skeletons
  2 worms (D:2)
  An adder simulacrum (D:5)
  A dart slug (D:2)
  4 leopard geckos
  71 orcs
  4 ball pythons
  8 bats
  8 giant cockroaches
  18 goblins
  9 hobgoblins
  9 jackals
  16 kobolds
  6 quokkas
  6 frilled lizards
  A giant cockroach simulacrum (D:5)
  6 rats
  A butterfly (Lair:3)
  7 fungi
  5 plants
626 creatures vanquished.

Vanquished Creatures (others)
  7 fungi
  18 plants (Lair:6)
25 creatures vanquished.

Grand Total: 651 creatures vanquished

Notes
Turn   | Place    | Note
-------+----------+-------------------------------------------
     0 | D:1      | Froggeryz the Minotaur Gladiator began the quest for the
                  | Orb.
     0 | D:1      | Reached XP level 1. HP: 18/18 MP: 0/0
    26 | D:1      | Reached skill level 4 in Axes
    30 | D:1      | Reached XP level 2. HP: 18/25 MP: 1/1
   693 | D:1      | Reached XP level 3. HP: 28/31 MP: 2/2
  1054 | D:2      | Noticed Robin
  1057 | D:2      | Reached skill level 5 in Axes
  1070 | D:2      | Killed Robin
  1086 | D:2      | Reached XP level 4. HP: 10/38 MP: 3/3
  1498 | D:2      | Found a radiant altar of Vehumet.
  2197 | D:3      | Reached skill level 6 in Axes
  2257 | D:3      | Reached XP level 5. HP: 45/46 MP: 4/4
  2270 | D:3      | Found an ornate altar of the Wu Jian Council.
  2405 | D:3      | Found a burning altar of Makhleb.
  2942 | D:4      | Reached skill level 7 in Axes
  2944 | D:4      | Reached XP level 6. HP: 30/55 MP: 5/5
  3107 | D:4      | Reached skill level 5 in Fighting
  3552 | D:4      | Found a glowing silver altar of Zin.
  3558 | D:4      | Found a runed translucent door.
  3558 | D:4      | Noticed an angel
  4193 | D:5      | Entered Level 5 of the Dungeon
  4204 | D:5      | Found a runed translucent gate.
  4204 | D:5      | Found a runed translucent gate.
  4205 | D:5      | Found a runed translucent gate.
  4257 | D:5      | Reached skill level 8 in Axes
  4257 | D:5      | Reached XP level 7. HP: 48/61 MP: 6/6
  4447 | D:5      | Found a shadowy altar of Dithmenos.
  4511 | D:5      | Found an opulent altar of Gozag.
  4611 | D:5      | Got a crude mace
  4614 | D:5      | Identified the +7 mace of the Middle {crush, *Drain rC-
                  | rN+++ Str+3} (You found it on level 5 of the Dungeon)
  4679 | D:5      | Noticed Tutankhamun's ghost (novice DsGl)
  4700 | D:5      | Found a staircase to the Ecumenical Temple.
  4718 | Temple   | Entered the Ecumenical Temple
  4797 | Temple   | Became a worshipper of Warmaster Okawaru
  5012 | D:5      | Gained mutation: Your mind is acute. (Int +2) [potion of
                  | mutation]
  5012 | D:5      | Gained mutation: Your flesh is cold resistant. (rC+)
                  | [potion of mutation]
  5012 | D:5      | Gained mutation: You have sharp toenails. [potion of
                  | mutation]
  5012 | D:5      | Gained mutation: You have a pair of large horns on your
                  | head. [potion of mutation]
  5026 | D:5      | Reached skill level 9 in Axes
  5075 | D:5      | Killed Tutankhamun's ghost
  5075 | D:5      | Reached * piety under Okawaru
  5075 | D:5      | Reached skill level 5 in Dodging
  5075 | D:5      | Reached XP level 8. HP: 28/71 MP: 7/7
  5299 | D:6      | Reached skill level 10 in Axes
  5462 | D:6      | Noticed Prince Ribbit
  5481 | D:6      | Killed Prince Ribbit
  5481 | D:6      | Reached skill level 11 in Axes
  5828 | D:6      | Reached ** piety under Okawaru
  5924 | D:6      | Reached XP level 9. HP: 81/81 MP: 8/8
  5994 | D:6      | Found a deep blue altar of Sif Muna.
  5998 | D:6      | Found a hide-covered altar of Uskayaw.
  6001 | D:6      | Found a glowing golden altar of the Shining One.
  6137 | D:7      | Found a shattered altar of Ashenzari.
  6137 | D:7      | Found an ancient bone altar of Kikubaaqudgha.
  6264 | D:7      | Got a transparent chain mail
  6380 | D:7      | Noticed Pikel
  6389 | D:7      | Killed Pikel
  6389 | D:7      | Reached skill level 12 in Axes
  6705 | D:8      | Reached skill level 1 in Armour
  6706 | D:8      | Reached *** piety under Okawaru
  6755 | D:8      | Identified the cursed +1 chain mail "Xeogredgh" {rPois
                  | Int+4} (You found it on level 7 of the Dungeon)
  6764 | D:8      | Noticed a queen bee
  6768 | D:8      | Reached skill level 13 in Axes
  6851 | D:8      | Killed a queen bee
  6983 | D:8      | Reached XP level 10. HP: 24/92 MP: 9/9
  7497 | D:8      | Received a gift from Okawaru
  7822 | D:9      | Noticed a two-headed ogre
  7830 | D:9      | Reached skill level 10 in Fighting
  7832 | D:9      | Killed a two-headed ogre
  7871 | D:9      | Found Zauckiwiap's Food Emporium.
  7920 | D:9      | Reached skill level 14 in Axes
  7920 | D:9      | Reached **** piety under Okawaru
  7933 | D:9      | Reached skill level 5 in Armour
  8272 | D:9      | Found a staircase to the Lair.
  8832 | Lair:1   | Entered Level 1 of the Lair of Beasts
  8838 | Lair:1   | Noticed a spiny frog
  8850 | Lair:1   | Killed a spiny frog
  8850 | Lair:1   | Reached ***** piety under Okawaru
  8954 | Lair:1   | Got a crystal rapier
  8955 | Lair:1   | Identified the cursed +3 rapier "Falevetu" {pierce, MR+
                  | Str+5} (You found it on level 1 of the Lair of Beasts)
  8968 | Lair:1   | Noticed a spiny frog
  8975 | Lair:1   | Killed a spiny frog
  8975 | Lair:1   | Received a gift from Okawaru
  9267 | Lair:1   | Reached XP level 11. HP: 104/104 MP: 10/10
  9277 | Lair:1   | Reached skill level 15 in Axes
  9918 | Lair:2   | Found a gate leading to a gauntlet.
  9927 | Gauntlet | Entered a Gauntlet
  9927 | Gauntlet | Found a transporter.
  9927 | Gauntlet | Found a transporter.
  9927 | Gauntlet | Found a transporter.
  9927 | Gauntlet | Noticed a fire crab
  9931 | Gauntlet | Found a transporter.
  9932 | Gauntlet | Found a transporter.
  9932 | Gauntlet | Found a transporter.
  9940 | Gauntlet | Noticed a shining eye
  9941 | Gauntlet | Found a transporter.
  9945 | Gauntlet | Found a transporter.
  9948 | Gauntlet | Found a transporter.
  9948 | Gauntlet | Found a transporter.
 10048 | Gauntlet | Killed a fire crab
 10051 | Gauntlet | Received a gift from Okawaru
 10075 | Gauntlet | Got a faintly glowing plate armour
 10083 | Gauntlet | Gained mutation: Your body sometimes deteriorates upon
                  | taking damage. [a shining eye]
 10084 | Gauntlet | Gained mutation: You are weak. (Str -2) [a shining eye]
 10086 | Gauntlet | Lost mutation: Your mind is acute. (Int +2) [a shining eye]
 10088 | Gauntlet | Gained mutation: Scrolls take you a little longer to read.
                  | [a shining eye]
 10090 | Gauntlet | Killed a shining eye
 10090 | Gauntlet | Reached skill level 16 in Axes
 10116 | Gauntlet | Found a transporter.
 10271 | Gauntlet | Found a transporter.
 10280 | Gauntlet | Noticed a minotaur
 10288 | Gauntlet | Identified the +7 plate armour of Oblivion {rN+ Regen+}
                  | (You found it in a Gauntlet)
 10296 | Gauntlet | Killed a minotaur
 10564 | Gauntlet | Received a gift from Okawaru
 11120 | Lair:2   | Noticed an eight-headed hydra
 11249 | Lair:3   | Found a staircase to the Swamp.
 11285 | Lair:3   | Received a gift from Okawaru
 11285 | Lair:3   | Reached XP level 12. HP: 97/117 MP: 11/11
 11320 | Lair:3   | Found a staircase to the Snake Pit.
 12560 | Lair:4   | Noticed a four-headed hydra
 12563 | Lair:4   | Reached skill level 17 in Axes
 12729 | Lair:5   | Lost mutation: You have a pair of large horns on your head.
                  | [potion of mutation]
 12729 | Lair:5   | Lost mutation: Scrolls take you a little longer to read.
                  | [potion of mutation]
 12729 | Lair:5   | Lost mutation: You are weak. (Str -2) [potion of mutation]
 12729 | Lair:5   | Gained mutation: Your skin changes colour to match your
                  | surroundings (Stealth+). [potion of mutation]
 12729 | Lair:5   | Gained mutation: Scrolls take you a little longer to read.
                  | [potion of mutation]
 12729 | Lair:5   | Gained mutation: You possess an exceptional clarity of
                  | mind. [potion of mutation]
 12747 | Lair:5   | Received a gift from Okawaru
 12809 | Lair:5   | Reached ****** piety under Okawaru
 12816 | Lair:5   | Reached skill level 15 in Fighting
 12983 | Lair:5   | Reached skill level 10 in Armour
 13475 | Lair:5   | Noticed a seven-headed hydra
 13488 | Lair:6   | Entered Level 6 of the Lair of Beasts
 13508 | Lair:6   | Reached skill level 18 in Axes
 13610 | Lair:6   | Reached XP level 13. HP: 46/128 MP: 12/12
 13931 | Lair:6   | Received a gift from Okawaru
 14235 | Lair:6   | Found a viscous altar of Jiyva.
 14239 | Lair:6   | Found a staircase to the Slime Pits.
 14592 | Lair:5   | Reached skill level 19 in Axes
 15102 | Lair:6   | Received a gift from Okawaru
 15238 | Lair:6   | Noticed a fire dragon
 15253 | Lair:6   | Killed a fire dragon
 15754 | D:10     | Entered Level 10 of the Dungeon
 16007 | D:10     | You fall through a shaft for 2 floors!
 16497 | D:12     | Noticed Frances
 16815 | D:11     | Reached skill level 1 in Invocations
 17224 | D:11     | Noticed Grum
 17233 | D:11     | Killed Grum
 17456 | D:11     | Reached XP level 14. HP: 131/140 MP: 14/14
 17624 | D:10     | Found a staircase to the Orcish Mines.
 17871 | D:10     | Reached skill level 20 in Axes
 18143 | Orc:1    | Entered Level 1 of the Orcish Mines
 18186 | Orc:1    | Received a gift from Okawaru
 18556 | Orc:1    | Got a pitted battleaxe {god gift}
 18559 | Orc:1    | Identified the +1 battleaxe "Ehidio" {freeze, Str+3}
                  | (Okawaru gifted it to you on level 1 of the Orcish Mines)
 18863 | Orc:2    | Entered Level 2 of the Orcish Mines
 18863 | Orc:2    | Found a staircase to the Elven Halls.
 18887 | Orc:2    | Noticed Donald
 18895 | Orc:2    | Mangled by Donald

Skill      XL: |  1  2  3  4  5  6  7  8  9 10 11 12 13 14 |
---------------+-------------------------------------------+-----
Axes           | 4 5 6 7 8 9 11 13 14 16 18 19 20 | 20.3
Fighting       | 3 4 5 6 7 9 11 14 16 17 | 17.0
Dodging        | 5 |  5.3
Armour         | 2 6 8 10 12 | 12.0
Invocations    | 1 3 |  3.6
Throwing       | |  2.0

Action                   |  1- 3 |  4- 6 |  7- 9 | 10-12 | 13-15 || total
-------------------------+-------+-------+-------+-------+-------++-------
Melee: War axe           |    82 |   148 |   249 |   403 |   384 ||  1266
       Headbutt          |    17 |    19 |    36 |   110 |   142 ||   324
       Battleaxe         |       |       |       |    62 |       ||    62
       Executioner's axe |       |       |       |       |    90 ||    90
Evoke: Wand              |       |       |       |     1 |     1 ||     2
  Use: Scroll            |     5 |     7 |     6 |     8 |     7 ||    33
       Potion            |       |     1 |    11 |     5 |       ||    17
 Stab: Sleeping          |       |     1 |       |       |       ||     1
       Invisible         |       |       |       |     1 |       ||     1
  Eat: Chunk             |       |     7 |     8 |    29 |    18 ||    62
       Ration            |       |     1 |       |       |       ||     1
Armor: Leather armour    |    29 |    37 |    65 |    16 |       ||   147
       Skin              |       |       |    40 |       |       ||    40
       Chain mail        |       |       |       |   179 |   343 ||   522
Dodge: Dodged            |    71 |   102 |   182 |   217 |   242 ||   814
